 Dungeon Crawl Stone Soup version 0.21.1-1-g345015f (webtiles) character file.

36 rlgrobin the Firebug (level 3, 0/19 HPs)
             Began as a Tengu Fire Elementalist on Feb 11, 2018.
             Slain by a gnoll
             ... wielding a +2 halberd of flaming
              (15 damage)
             ... on level 2 of the Dungeon.
             The game lasted 00:05:40 (1218 turns).

rlgrobin the Firebug (Tengu Fire Elementalist)      Turns: 1218, Time: 00:05:40

Health: 0/19       AC:  2    Str:  8    XL:     3   Next: 37%
Magic:  1/7        EV: 13    Int: 16    God:
Gold:   11         SH:  0    Dex: 14    Spells: 5/6 levels left

rFire    . . .     SeeInvis .   (no weapon)
rCold    . . .     Gourm    .   (no shield)
rNeg     . . .     Faith    .   a - +0 robe
rPois    .         Spirit   .   (helmet restricted)
rElec    .         Reflect  .   (no cloak)
rCorr    .         Harm     .   (no gloves)
MR       .....                  (boots unavailable)
Stlth    ++........             (no amulet)
HPRegen  0.06/turn              (no ring)
MPRegen  0.10/turn              (no ring)

@: very slightly contaminated
A: beak, talons 3
a: no special abilities


You were on level 2 of the Dungeon.
You were hungry.

You visited 1 branch of the dungeon, and saw 2 of its levels.

You collected 11 gold pieces.


Innate Abilities, Weirdness & Mutations

You have a beak for a mouth.
You have claws for feet.


   Skills:
 + Level 2.6 Dodging
 + Level 2.5 Stealth
 + Level 2.3 Spellcasting
 + Level 2.2 Conjurations
 + Level 3.6 Fire Magic


You had 5 spell levels left.
You knew the following spells:

 Your Spells              Type           Power        Failure   Level  Hunger
z - Flame Tongue          Conj/Fire      ##...        6%          1    #......

Inventory:

Armour
 a - a +0 robe (worn)
Scrolls
 g - 2 scrolls of identify {unknown}
Potions
 d - a potion of mutation {unknown}
 e - a potion of might {unknown}
 f - a potion of haste {unknown}
 h - 2 potions of heal wounds {unknown}
 i - 2 potions of ambrosia {unknown}
 j - a potion of lignification {unknown}
 l - 2 potions of curing {unknown}
 m - a potion of magic {unknown}
Books
 b - a book of Flames

   Spells                             Type                      Level
   a - Flame Tongue                   Conjuration/Fire             1
   b - Throw Flame                    Conjuration/Fire             2
   c - Conjure Flame                  Conjuration/Fire             3
   d - Inner Flame                    Hexes/Fire                   3
   e - Sticky Flame                   Conjuration/Fire             4
   f - Fireball                       Conjuration/Fire             5
Comestibles
 c - 4 rations
 k - 2 chunks of flesh

Dungeon Overview and Level Annotations

Branches:
Dungeon (2/15)

Altars:

▒▒▒..▒▒ ▒.▒
▒.....▒▒▒▒.▒▒
▒.▒▒▒...▒▒..▒▒
▒. ▒.▒
▒▒▒.▒▒▒..▒ ▒.
▒†▒▒▒▒▒..▒...▒
▒.
▒.▒▒.......▒▒▒
▒.▒▒▒[...▒▒▒▒<▒▒
▒▒▒▒▒..[...▒▒▒
▒.▒ ...?...▒Q.▒▒
▒.▒ ...▒...▒.▒▒
▒.▒ . ▒▒...g▒▒
▒.. ▒▒....▒ ▒▒.
▒....▒†▒ ▒
▒..▒.▒▒†▒ ...▒▒.
▒......▒ ▒... ..
▒..g.g.▒ ..▒ ▒..
▒......▒


You could see a gnoll.


Message History

Aim: a bat (heavily wounded)
You miscast Flame Tongue!
You are very lightly contaminated with residual magic!
Nothing appears to happen!
You are feeling hungry!
The bat barely misses you! The jackal bites you!
You take 1 damage, and have 17/19 hp!
You now have 2/7 mp!
The bat hits you!
You take 1 damage, and have 16/19 hp!
The bat hits you!
You take 1 damage, and have 15/19 hp!
Aiming: Flame Tongue
Aim: a bat (heavily wounded)
The flame tongue hits the bat!
You annihilate the bat!!!
The jackal barely misses you!
You now have 1/7 mp!
Aiming: Flame Tongue
Aim: a jackal The flame tongue hits the jackal!
The jackal is severely wounded!
The jackal misses you!
You now have 0/7 mp!
You closely miss the jackal! Your kick misses the jackal!
You annihilate the jackal!!!
The gnoll closely misses you!
A gnoll comes into view! It is wielding a flail!
The gnoll hits you from afar with a halberd of flaming!!!
DANG rip

Action                   || total
-------------------------++-------
Melee: Unarmed           ||    29
       Peck              ||     3
       Kick              ||     2
 Cast: Flame Tongue      ||    42
 Stab: Sleeping          ||     3
  Eat: Chunk             ||     1
Armor: Robe              ||    24
Dodge: Dodged            ||    86

Vault maps used:
D:1:      nicolae_arrival_somewhat_less_tricky_arrival
D:2:      chequers_ecumenical_altar_simple,
          nicolae_gozag_cash_rules_everything_around_me, uniq_robin

Notes
Turn   | Place    | Note
-------+----------+-------------------------------------------
     0 | D:1      | rlgrobin the Tengu Fire Elementalist began the quest for the Orb.
     0 | D:1      | Reached XP level 1. HP: 10/10 MP: 4/4
   264 | D:1      | Reached XP level 2. HP: 14/15 MP: 6/6
   496 | D:1      | Reached skill level 2 in Conjurations
   915 | D:1      | Reached XP level 3. HP: 19/19 MP: 5/7
  1218 | D:2      | Slain by a gnoll

Vanquished Creatures
  2 dart slugs (D:1)
  A giant cockroach (D:1)
  4 hobgoblins
  3 jackals (D:2)
  4 kobolds (D:1)
  8 bats
  4 frilled lizards
  A goblin (D:1)
  6 rats
33 creatures vanquished.
